Canucks vs Canadiens
Created - March 25, 2019 at 19:04
Goals
|
| Canucks |
2 |
1 |
0 |
3 |
| Canadiens |
0 |
2 |
3 |
5 |
|
Shots
|
| Canucks |
9 |
13 |
14 |
36 |
| Canadiens |
9 |
15 |
17 |
41 |
|
1st period
1. Canucks , Johan Franzen 7 (James Wright 11, Matt Stajan 50) at 9:50
2. Canucks , Brad Boyes 33 (Steve Montador 18) at 11:05
Penalties :
Frans Nielsen (Mon) for Holding (Minor) at 12:47, Tomas Plekanec (Mon) for Hooking (Minor) at 15:55, Chris Higgins (Van) for Tripping (Minor) at 18:37
2nd period
3. Canadiens , Viktor Stalberg 11 (Dustin Boyd 21, Evgeny Dadonov 32) at 14:18
4. Canadiens , Steve Downie 19 (Scott Hartnell 14, Henrik Lundqvist) at 16:45
5. Canucks , Mike Ribeiro 12 (Clarke MacArthur 12, Alex Goligoski 49) at 17:01
Penalties :
Matt Stajan (Van) for Hooking (Minor) at 5:17, Ryan Hollweg (Van) for Holding (Minor) at 8:38, Jamie McBain (Van) for Hooking (Minor) at 14:42
3rd period
6. Canadiens , Dustin Boyd 21 (Colton Parayko 4, Andrew Alberts 19) at 4:42
7. Canadiens , Pierre-Marc Bouchard 18 (Steve Downie 19, Raphael Diaz 29) at 8:30
8. Canadiens , Vitaly Vishnevsky 4 (Dustin Boyd 22, Viktor Stalberg 21) at 10:16
Penalties :
Dustin Boyd (Mon) for Hooking (Minor) at 1:14, Clarke MacArthur (Van) for Holding (Minor) at 1:34, Jamie McBain (Van) for Interference (Minor) at 4:45, Jamie McBain (Van) for Holding (Minor) at 10:43
Goalie Stats
Michal Neuvirth (Van), 36 saves from 41 shots - (0.878), L, 28-26-4, 60:00 minutes
Henrik Lundqvist (Mon), 33 saves from 36 shots - (0.917), W, 26-21-6, 60:00 minutes
Players Stats for Canucks
Player Name G A P +/- PIM S H SB GA TA FO MP PP MP PK MP
------------------------------------------------------------------------------------
Alex Goligoski 0 1 1 -1 0 1 0 3 0 0 0/0 31:21 2:50 8:07
Brad Boyes 1 0 1 0 0 2 0 0 0 0 8/18 26:23 2:30 7:22
Chris Campoli 0 0 0 -1 0 0 2 2 0 0 0/0 10:16 1:02 0:00
Chris Higgins 0 0 0 -1 2 4 0 0 0 0 2/3 18:28 1:48 4:22
Clarke MacArthur 0 1 1 1 2 3 2 0 0 0 0/2 18:21 2:29 0:18
Derek Boogaard 0 0 0 -1 0 3 2 0 0 0 0/0 12:11 0:00 3:46
James Wright 0 1 1 -1 0 2 0 0 0 0 5/5 9:43 1:48 0:00
Jamie McBain 0 0 0 -1 6 1 1 1 1 1 0/0 26:20 3:16 2:16
Johan Franzen 1 0 1 -1 0 2 1 0 0 0 0/0 10:29 0:00 1:24
Justin Falk 0 0 0 -1 0 1 1 1 0 1 0/0 10:28 0:00 1:51
Ladislav Smid 0 0 0 0 0 1 2 1 1 0 0/0 20:02 1:28 4:36
Martins Karsums 0 0 0 0 0 2 0 0 0 0 0/0 5:55 0:00 0:00
Matt Stajan 0 1 1 -1 2 1 0 3 0 1 3/8 12:34 0:00 0:05
Mike Ribeiro 1 0 1 0 0 2 1 1 1 0 17/36 26:11 2:30 7:06
Nick Palmieri 0 0 0 -1 0 7 3 0 0 0 0/0 13:45 1:48 0:00
Nik Antropov 0 0 0 0 0 2 0 0 0 0 0/1 5:34 0:00 0:05
Ryan Hollweg 0 0 0 0 2 1 0 0 0 0 0/0 6:17 0:00 0:00
Steve Montador 0 1 1 -1 0 1 2 3 0 2 0/0 21:42 0:00 7:38
Players Stats for Canadiens
Player Name G A P +/- PIM S H SB GA TA FO MP PP MP PK MP
------------------------------------------------------------------------------------
Andrew Alberts 0 1 1 1 0 2 0 1 1 0 0/0 16:10 0:00 2:19
Brett Maclean 0 0 0 -1 0 0 0 0 0 0 0/0 6:40 0:00 0:00
Colton Parayko 0 1 1 2 0 1 6 2 0 0 0/0 22:39 5:03 1:59
David Jones 0 0 0 2 0 0 1 0 0 0 0/1 9:56 0:00 0:00
Dustin Boyd 1 2 3 2 2 5 0 0 1 2 1/5 11:50 0:20 1:30
Enver Lisin 0 0 0 -1 0 3 0 0 0 0 0/1 6:51 0:00 0:00
Evgeny Dadonov 0 1 1 0 0 3 2 0 0 0 0/0 14:37 4:40 0:00
Frans Nielsen 0 0 0 1 2 1 1 0 1 0 14/25 19:06 7:14 0:49
Greg Stewart 0 0 0 0 0 4 1 0 0 0 0/0 18:18 5:00 1:07
Mark Stuart 0 0 0 1 0 3 0 2 0 1 0/0 25:37 5:23 1:59
Pierre-Marc Bouchard 1 0 1 0 0 2 0 1 1 0 18/29 21:33 5:00 0:20
Raphael Diaz 0 1 1 0 0 3 2 0 0 0 0/0 26:28 6:51 0:00
Scott Hartnell 0 1 1 1 0 4 2 0 0 0 0/1 23:22 7:14 0:45
Shaone Morrisonn 0 0 0 0 0 2 2 1 1 0 0/0 11:10 0:00 2:19
Steve Downie 1 1 2 1 0 4 3 1 0 0 3/4 24:08 7:14 2:26
Tomas Plekanec 0 0 0 -1 2 2 1 1 0 0 2/7 8:25 0:00 1:39
Viktor Stalberg 1 1 2 2 0 1 0 0 0 0 0/0 9:14 0:00 0:00
Vitaly Vishnevsky 1 0 1 0 0 1 1 0 0 0 0/0 17:56 7:11 0:00
3 Stars
1 - Steve Downie (Mon)
2 - Dustin Boyd (Mon)
3 - Viktor Stalberg (Mon)
Power Play
Canucks - 0 on 3 Attempt(s) - 0.00%
Canadiens - 0 on 7 Attempt(s) - 0.00%
Penalty Kill
Canucks - 7 on 7 Attempt(s) - 100.00%
- Score 0 goal in Penalty Kill
Canadiens - 3 on 3 Attempt(s) - 100.00%
- Score 0 goal in Penalty Kill
Team Stat
Canucks - Hits : 17 - Faceoff Wins : 35 - Blocked Shots : 15 - Penalty Minutes : 14
Canadiens - Hits : 22 - Faceoff Wins : 38 - Blocked Shots : 9 - Penalty Minutes : 6
Official
Referees : Unknown
Linesman : Unknown
Game Notes
No Game Note
Finance
Level 1 -- Attendance: 6000 (100.00%) -- Ticket Income $540,000
Level 2 -- Attendance: 4794 (95.88%) -- Ticket Income $263,670
Level 3 -- Attendance: 2000 (100.00%) -- Ticket Income $70,000
Level 4 -- Attendance: 3965 (99.13%) -- Ticket Income $99,125
Luxury Box -- Attendance: 972 (97.20%) -- Ticket Income $142,884
Game was played at the Centre Bell.
Total Attendance: 17731 (98.51%)
Total Ticket Income: $1,115,679
Other Income: $167,352
Total Income: $1,283,031
Canucks
5 vs 5 Forward
Center Left Wing Right Wing Time % Phy DF OF
1 Mike Ribeiro Clarke MacArthur Brad Boyes 62 0 0 5
2 Matt Stajan Chris Higgins Nick Palmieri 25 0 1 4
3 James Wright Derek Boogaard Johan Franzen 9 0 2 3
4 Nik Antropov Ryan Hollweg Martins Karsums 4 1 2 2
5 vs 5 Defense
Defense Defense Time % Phy DF OF
1 Alex Goligoski Jamie McBain 55 0 0 5
2 Steve Montador Ladislav Smid 30 1 2 2
3 Chris Campoli Justin Falk 10 1 2 2
4 Alex Goligoski Jamie McBain 5 0 0 5
PowerPlay Forward
Center Left Wing Right Wing Time % Phy DF OF
1 Mike Ribeiro Clarke MacArthur Brad Boyes 60 0 0 5
2 James Wright Chris Higgins Nick Palmieri 40 0 0 5
PowerPlay Defense
Defense Defense Time % Phy DF OF
1 Alex Goligoski Jamie McBain 60 0 0 5
2 Jamie McBain Ladislav Smid 40 0 0 5
Penalty Kill 4 Players Forward
Center Wing Time % Phy DF OF
1 Brad Boyes Mike Ribeiro 60 1 2 2
2 Chris Higgins Derek Boogaard 40 1 2 2
Penalty Kill 4 Players Defense
Defense Defense Time % Phy DF OF
1 Alex Goligoski Steve Montador 60 1 2 2
2 Jamie McBain Ladislav Smid 40 1 2 2
Penalty Kill - 3 Players Forward
Forward Time % Phy DF OF
1 Brad Boyes 60 1 2 2
2 Mike Ribeiro 40 1 2 2
Penalty Kill - 3 Players Defense
Defense Defense Time % Phy DF OF
1 Alex Goligoski Steve Montador 60 1 2 2
2 Jamie McBain Ladislav Smid 40 1 2 2
4 vs 4 Forward
Center Wing Time % Phy DF OF
1 Brad Boyes Mike Ribeiro 60 1 2 2
2 Matt Stajan Derek Boogaard 40 1 2 2
4 vs 4 Defense
Defense Defense Time % Phy DF OF
1 Alex Goligoski Steve Montador 60 1 2 2
2 Jamie McBain Ladislav Smid 40 1 2 2
Last Minutes Offensive
Center Left Wing Right Wing Defense Defense
Mike Ribeiro Clarke MacArthur Brad Boyes Alex Goligoski Steve Montador
Last Minutes Defensive
Center Left Wing Right Wing Defense Defense
Mike Ribeiro Chris Higgins Brad Boyes Alex Goligoski Steve Montador
Goaltenders
Starting : Michal Neuvirth
Backup : Alex Stalock
Extra Forwards
Normal : Clarke MacArthur, Ryan Hollweg, Johan Franzen - PP : Clarke MacArthur, Ryan Hollweg - PK : Johan Franzen
Extra Defensemen
Normal : Chris Campoli, Justin Falk, Jamie McBain - PP : Chris Campoli - PK : Justin Falk, Jamie McBain
Penalty Shots
Brad Boyes, Mike Ribeiro, Chris Higgins, Derek Boogaard, Clarke MacArthur
Scratches
Danny DeKeiser (Left Hand Injury)
Canadiens
5 vs 5 Forward
Center Left Wing Right Wing Time % Phy DF OF
1 Pierre-Marc Bouchard Scott Hartnell Steve Downie 40 0 1 4
2 Frans Nielsen Greg Stewart Evgeny Dadonov 30 0 1 4
3 Dustin Boyd Viktor Stalberg David Jones 20 0 2 3
4 Tomas Plekanec Brett Maclean Enver Lisin 10 0 3 2
5 vs 5 Defense
Defense Defense Time % Phy DF OF
1 Mark Stuart Raphael Diaz 40 0 2 3
2 Andrew Alberts Colton Parayko 30 0 2 3
3 Vitaly Vishnevsky Shaone Morrisonn 20 0 3 2
4 Colton Parayko Raphael Diaz 10 0 3 2
PowerPlay Forward
Center Left Wing Right Wing Time % Phy DF OF
1 Frans Nielsen Scott Hartnell Steve Downie 60 0 0 5
2 Pierre-Marc Bouchard Greg Stewart Evgeny Dadonov 40 0 0 5
PowerPlay Defense
Defense Defense Time % Phy DF OF
1 Raphael Diaz Vitaly Vishnevsky 60 0 1 4
2 Colton Parayko Mark Stuart 40 0 1 4
Penalty Kill 4 Players Forward
Center Wing Time % Phy DF OF
1 Tomas Plekanec Steve Downie 60 0 5 0
2 Dustin Boyd Scott Hartnell 40 0 5 0
Penalty Kill 4 Players Defense
Defense Defense Time % Phy DF OF
1 Shaone Morrisonn Andrew Alberts 60 1 4 0
2 Colton Parayko Mark Stuart 40 1 4 0
Penalty Kill - 3 Players Forward
Forward Time % Phy DF OF
1 Tomas Plekanec 60 0 5 0
2 Dustin Boyd 40 0 5 0
Penalty Kill - 3 Players Defense
Defense Defense Time % Phy DF OF
1 Shaone Morrisonn Andrew Alberts 60 0 5 0
2 Mark Stuart Vitaly Vishnevsky 40 0 5 0
4 vs 4 Forward
Center Wing Time % Phy DF OF
1 Pierre-Marc Bouchard Greg Stewart 60 0 2 3
2 Frans Nielsen Scott Hartnell 40 0 2 3
4 vs 4 Defense
Defense Defense Time % Phy DF OF
1 Vitaly Vishnevsky Mark Stuart 60 0 2 3
2 Colton Parayko Raphael Diaz 40 0 2 3
Last Minutes Offensive
Center Left Wing Right Wing Defense Defense
Frans Nielsen Scott Hartnell Evgeny Dadonov Vitaly Vishnevsky Raphael Diaz
Last Minutes Defensive
Center Left Wing Right Wing Defense Defense
Tomas Plekanec Scott Hartnell Steve Downie Shaone Morrisonn Colton Parayko
Goaltenders
Starting : Henrik Lundqvist
Backup : Allen York
Extra Forwards
Normal : Pierre-Marc Bouchard, Frans Nielsen, Greg Stewart - PP : Scott Hartnell, Frans Nielsen - PK : Tomas Plekanec
Extra Defensemen
Normal : Vitaly Vishnevsky, Raphael Diaz, Shaone Morrisonn - PP : Vitaly Vishnevsky - PK : Mark Stuart, Colton Parayko
Penalty Shots
Scott Hartnell, Frans Nielsen, Greg Stewart, Pierre-Marc Bouchard, Steve Downie
Scratches
Adam Pardy (Broken Bone (Right Leg) Injury), Dustin Kohn (Healthy), Marcel Goc (Healthy), Nikolai Zherdev (Healthy), Wes O'Neill (Healthy)
% Time on Ice - Canucks
Lines # - Real PCT - Wanted PCT - Time Play
Normal Forward
1 - 40% - 62% - 16:34
2 - 29% - 25% - 12:06
3 - 19% - 9% - 7:49
4 - 13% - 4% - 5:20
Normal Defense
1 - 48% - 55% - 20:15
2 - 31% - 30% - 12:57
3 - 21% - 10% - 8:37
4 - 0% - 5% - 0:00
PP Forward
1 - 58% - 60% - 2:30
2 - 42% - 40% - 1:48
PP Defense
1 - 66% - 60% - 2:50
2 - 34% - 40% - 1:28
PK Forward
1 - 69% - 60% - 8:28
2 - 31% - 40% - 3:46
PK Defense
1 - 62% - 60% - 7:38
2 - 38% - 40% - 4:36
PK3 Forward
1 - 0% - 60%
2 - 0% - 40%
PK3 Defense
1 - 0% - 60%
2 - 0% - 40%
44 Forward
1 - 73% - 60% - 1:12
2 - 27% - 40% - 0:27
44 Defense
1 - 38% - 60% - 0:38
2 - 62% - 40% - 1:01
Last Minute Offensive - 0:00
Last Minute Defensive - 0:00
Total
Forward - 60:00
Defense - 60:00
|
% Time on Ice - Canadiens
Lines # - Real PCT - Wanted PCT - Time Play
Normal Forward
1 - 38% - 40% - 15:58
2 - 24% - 30% - 9:57
3 - 22% - 20% - 9:14
4 - 16% - 10% - 6:40
Normal Defense
1 - 44% - 40% - 18:27
2 - 33% - 30% - 13:38
3 - 20% - 20% - 8:27
4 - 3% - 10% - 1:17
PP Forward
1 - 62% - 60% - 7:34
2 - 38% - 40% - 4:40
PP Defense
1 - 59% - 60% - 7:11
2 - 41% - 40% - 5:03
PK Forward
1 - 91% - 60% - 3:56
2 - 9% - 40% - 0:22
PK Defense
1 - 54% - 60% - 2:19
2 - 46% - 40% - 1:59
PK3 Forward
1 - 0% - 60%
2 - 0% - 40%
PK3 Defense
1 - 0% - 60%
2 - 0% - 40%
44 Forward
1 - 79% - 60% - 1:18
2 - 21% - 40% - 0:21
44 Defense
1 - 58% - 60% - 0:57
2 - 42% - 40% - 0:42
Last Minute Offensive - 0:00
Last Minute Defensive - 0:00
Total
Forward - 60:00
Defense - 60:00
|
Play-by-Play
1st period
0:01 of 1st period - Pierre-Marc Bouchard wins face-off versus Mike Ribeiro in neutral zone.
0:06 of 1st period - Slapshot by Pierre-Marc Bouchard.
0:06 of 1st period - Shot Misses the Net.
0:26 of 1st period - Matt Stajan is hit by Evgeny Dadonov and loses puck.
1:10 of 1st period - Ladislav Smid is hit by Shaone Morrisonn and loses puck.
1:39 of 1st period - Wrist shot by Enver Lisin.
1:39 of 1st period - Stopped by Michal Neuvirth with a rebound.
1:41 of 1st period - Snap shot by Enver Lisin.
1:41 of 1st period - Stopped by Michal Neuvirth without a rebound.
1:42 of 1st period - Frans Nielsen wins face-off versus Mike Ribeiro in Canucks zone.
3:05 of 1st period - Wrist shot by Ryan Hollweg.
3:05 of 1st period - Shot Misses the Net.
3:07 of 1st period - Slapshot by Justin Falk.
3:07 of 1st period - Stopped by Henrik Lundqvist with a rebound.
3:09 of 1st period - Wrist shot by Ryan Hollweg.
3:09 of 1st period - Stopped by Henrik Lundqvist without a rebound.
3:10 of 1st period - Frans Nielsen wins face-off versus Mike Ribeiro in Canadiens zone.
3:40 of 1st period - Snap shot by Steve Downie.
3:40 of 1st period - Deflect By Alex Goligoski.
3:40 of 1st period - Shot Misses the Net.
3:40 of 1st period - Puck is out of play.
3:41 of 1st period - Pierre-Marc Bouchard wins face-off versus Matt Stajan in Canucks zone.
3:54 of 1st period - Wrist shot by Steve Downie.
3:54 of 1st period - Stopped by Michal Neuvirth without a rebound.
3:55 of 1st period - Pierre-Marc Bouchard wins face-off versus Mike Ribeiro in Canucks zone.
3:56 of 1st period - Wrist shot by Steve Downie.
3:56 of 1st period - Stopped by Michal Neuvirth with a rebound.
4:06 of 1st period - Scott Hartnell is hit by Jamie McBain and loses puck.
4:21 of 1st period - Mark Stuart is hit by Nick Palmieri.
5:12 of 1st period - Slapshot by Tomas Plekanec.
5:12 of 1st period - Stopped by Michal Neuvirth with a rebound.
5:14 of 1st period - Wrist shot by Tomas Plekanec.
5:14 of 1st period - Stopped by Michal Neuvirth without a rebound.
5:15 of 1st period - Pierre-Marc Bouchard wins face-off versus Clarke MacArthur in Canucks zone.
6:15 of 1st period - Backhand shot by Evgeny Dadonov.
6:15 of 1st period - Shot Blocked by Mike Ribeiro.
7:16 of 1st period - Wrist shot by James Wright.
7:16 of 1st period - Deflect By Derek Boogaard.
7:16 of 1st period - Stopped by Henrik Lundqvist with a rebound.
7:43 of 1st period - Wrist shot by Enver Lisin.
7:43 of 1st period - Deflect By Tomas Plekanec.
7:43 of 1st period - Shot Misses the Net.
7:43 of 1st period - Puck is out of play.
7:44 of 1st period - Pierre-Marc Bouchard wins face-off versus Mike Ribeiro in Canucks zone.
7:49 of 1st period - Snap shot by Pierre-Marc Bouchard.
7:49 of 1st period - Shot Misses the Net.
7:51 of 1st period - Slapshot by Andrew Alberts.
7:51 of 1st period - Stopped by Michal Neuvirth without a rebound.
7:52 of 1st period - Mike Ribeiro wins face-off versus Pierre-Marc Bouchard in Canucks zone.
8:44 of 1st period - Slapshot by Jamie McBain.
8:44 of 1st period - Deflect By Mike Ribeiro.
8:44 of 1st period - Shot Misses the Net.
8:44 of 1st period - Puck is out of play.
8:45 of 1st period - Frans Nielsen wins face-off versus Matt Stajan in Canadiens zone.
8:45 of 1st period - Frans Nielsen is hit by Ladislav Smid.
9:07 of 1st period - Ladislav Smid is hit by Frans Nielsen and loses puck.
9:46 of 1st period - Slapshot by James Wright.
9:46 of 1st period - Shot Misses the Net.
9:48 of 1st period - Wrist shot by James Wright.
9:48 of 1st period - Stopped by Henrik Lundqvist with a rebound.
9:50 of 1st period - Wrist shot by Johan Franzen.
9:50 of 1st period - Goal by Johan Franzen - Canucks : 1 - Canadiens : 0.
9:51 of 1st period - Mike Ribeiro wins face-off versus Pierre-Marc Bouchard in neutral zone.
10:49 of 1st period - Snap shot by Dustin Boyd.
10:49 of 1st period - Stopped by Michal Neuvirth with a rebound.
10:51 of 1st period - Wrist shot by David Jones.
10:51 of 1st period - Shot Blocked by Matt Stajan.
11:05 of 1st period - Snap shot by Brad Boyes.
11:05 of 1st period - Goal by Brad Boyes - Canucks : 2 - Canadiens : 0.
11:06 of 1st period - Pierre-Marc Bouchard wins face-off versus Mike Ribeiro in neutral zone.
11:17 of 1st period - Snap shot by Mike Ribeiro.
11:17 of 1st period - Stopped by Henrik Lundqvist with a rebound.
12:06 of 1st period - Slapshot by Dustin Boyd.
12:06 of 1st period - Stopped by Michal Neuvirth without a rebound.
12:07 of 1st period - Pierre-Marc Bouchard wins face-off versus Clarke MacArthur in Canucks zone.
12:08 of 1st period - Wrist shot by Steve Downie.
12:08 of 1st period - Shot Misses the Net.
12:16 of 1st period - Wrist shot by Brad Boyes.
12:16 of 1st period - Shot Blocked by Colton Parayko.
12:18 of 1st period - Slapshot by Clarke MacArthur.
12:18 of 1st period - Stopped by Henrik Lundqvist with a rebound.
12:20 of 1st period - Wrist shot by Steve Montador.
12:20 of 1st period - Deflect By Brad Boyes.
12:20 of 1st period - Shot Blocked by Colton Parayko.
12:20 of 1st period - Puck is out of play.
12:21 of 1st period - Pierre-Marc Bouchard wins face-off versus Mike Ribeiro in Canadiens zone.
12:36 of 1st period - Slapshot by Steve Downie.
12:36 of 1st period - Shot Hit the Post.
12:47 of 1st period - Minor Penalty to Frans Nielsen for Holding.
12:48 of 1st period - Mike Ribeiro wins face-off versus Tomas Plekanec in Canadiens zone.
13:18 of 1st period - Off-side.
13:19 of 1st period - James Wright wins face-off versus Tomas Plekanec in neutral zone.
13:28 of 1st period - Slapshot by Alex Goligoski.
13:28 of 1st period - Deflect By Nick Palmieri.
13:28 of 1st period - Stopped by Henrik Lundqvist without a rebound.
13:29 of 1st period - Mike Ribeiro wins face-off versus Tomas Plekanec in Canadiens zone.
14:47 of 1st period - Penalty to Frans Nielsen is over, Frans Nielsen is back on ice.
15:16 of 1st period - Vitaly Vishnevsky is hit by Derek Boogaard and loses puck.
15:33 of 1st period - Ladislav Smid is hit by David Jones and loses puck.
15:55 of 1st period - Minor Penalty to Tomas Plekanec for Hooking.
15:56 of 1st period - Mike Ribeiro wins face-off versus Dustin Boyd in Canadiens zone.
17:55 of 1st period - Penalty to Tomas Plekanec is over, Tomas Plekanec is back on ice.
17:56 of 1st period - Tomas Plekanec is hit by Nick Palmieri and loses puck.
18:25 of 1st period - Raphael Diaz is hit by Johan Franzen and loses puck.
18:37 of 1st period - Minor Penalty to Chris Higgins for Tripping.
18:38 of 1st period - Brad Boyes wins face-off versus Frans Nielsen in Canucks zone.
18:51 of 1st period - Snap shot by Frans Nielsen.
18:51 of 1st period - Shot Misses the Net.
19:06 of 1st period - Off-side.
19:07 of 1st period - Pierre-Marc Bouchard wins face-off versus Brad Boyes in neutral zone.
19:10 of 1st period - Snap shot by Evgeny Dadonov.
19:10 of 1st period - Shot Blocked by Steve Montador.
19:12 of 1st period - Wrist shot by Mark Stuart.
19:12 of 1st period - Shot Blocked by Steve Montador.
19:14 of 1st period - Slapshot by Greg Stewart.
19:14 of 1st period - Shot Misses the Net.
19:16 of 1st period - Slapshot by Mark Stuart.
19:16 of 1st period - Shot Blocked by Alex Goligoski.
19:18 of 1st period - Slapshot by Mark Stuart.
19:18 of 1st period - Deflect By Evgeny Dadonov.
19:18 of 1st period - Shot Blocked by Steve Montador.
19:18 of 1st period - Puck is out of play.
19:19 of 1st period - Brad Boyes wins face-off versus Frans Nielsen in Canucks zone.
19:19 of 1st period - Brad Boyes is hit by Steve Downie.
Goals for this period are 2 for Canucks vs 0 for Canadiens.
Shots for this period are 9 for Canucks vs 9 for Canadiens.
2nd period
0:01 of 2nd period - Brad Boyes wins face-off versus Scott Hartnell in neutral zone.
0:37 of 2nd period - Penalty to Chris Higgins is over, Chris Higgins is back on ice.
0:57 of 2nd period - Snap shot by Nik Antropov.
0:57 of 2nd period - Stopped by Henrik Lundqvist without a rebound.
0:58 of 2nd period - Pierre-Marc Bouchard wins face-off versus Mike Ribeiro in Canadiens zone.
1:07 of 2nd period - Slapshot by Scott Hartnell.
1:07 of 2nd period - Shot Misses the Net.
1:34 of 2nd period - Wrist shot by Clarke MacArthur.
1:34 of 2nd period - Stopped by Henrik Lundqvist without a rebound.
1:35 of 2nd period - Pierre-Marc Bouchard wins face-off versus Matt Stajan in Canadiens zone.
1:47 of 2nd period - Wrist shot by Scott Hartnell.
1:47 of 2nd period - Stopped by Michal Neuvirth without a rebound.
1:48 of 2nd period - Mike Ribeiro wins face-off versus Pierre-Marc Bouchard in Canucks zone.
2:15 of 2nd period - Alex Goligoski is hit by Raphael Diaz and loses puck.
2:20 of 2nd period - Wrist shot by Greg Stewart.
2:20 of 2nd period - Shot Blocked by Jamie McBain.
2:22 of 2nd period - Backhand shot by Andrew Alberts.
2:22 of 2nd period - Shot Blocked by Alex Goligoski.
2:24 of 2nd period - Snap shot by Greg Stewart.
2:24 of 2nd period - Shot Blocked by Matt Stajan.
2:42 of 2nd period - Jamie McBain is hit by Colton Parayko and loses puck.
2:59 of 2nd period - Steve Montador is hit by Steve Downie.
3:15 of 2nd period - Backhand shot by Nik Antropov.
3:15 of 2nd period - Stopped by Henrik Lundqvist without a rebound.
3:16 of 2nd period - Tomas Plekanec wins face-off versus Mike Ribeiro in Canadiens zone.
3:16 of 2nd period - Tomas Plekanec is hit by Clarke MacArthur.
3:26 of 2nd period - Snap shot by Enver Lisin.
3:26 of 2nd period - Shot Blocked by Chris Campoli.
3:42 of 2nd period - Snap shot by Brett Maclean.
3:42 of 2nd period - Shot Blocked by Chris Campoli.
3:44 of 2nd period - Slapshot by Shaone Morrisonn.
3:44 of 2nd period - Stopped by Michal Neuvirth with a rebound.
3:46 of 2nd period - Slapshot by Shaone Morrisonn.
3:46 of 2nd period - Stopped by Michal Neuvirth without a rebound.
3:47 of 2nd period - Steve Downie wins face-off versus Mike Ribeiro in Canucks zone.
4:15 of 2nd period - Snap shot by Greg Stewart.
4:15 of 2nd period - Deflect By Jamie McBain.
4:15 of 2nd period - Stopped by Michal Neuvirth without a rebound.
4:16 of 2nd period - Frans Nielsen wins face-off versus Matt Stajan in Canucks zone.
4:19 of 2nd period - Wrist shot by Evgeny Dadonov.
4:19 of 2nd period - Stopped by Michal Neuvirth with a rebound.
4:25 of 2nd period - Wrist shot by Greg Stewart.
4:25 of 2nd period - Shot Blocked by Matt Stajan.
4:35 of 2nd period - Wrist shot by Greg Stewart.
4:35 of 2nd period - Stopped by Michal Neuvirth without a rebound.
4:36 of 2nd period - Mike Ribeiro wins face-off versus Pierre-Marc Bouchard in Canucks zone.
5:07 of 2nd period - Nick Palmieri is hit by Colton Parayko and loses puck.
5:17 of 2nd period - Minor Penalty to Matt Stajan for Hooking.
5:18 of 2nd period - Brad Boyes wins face-off versus Frans Nielsen in Canucks zone.
5:50 of 2nd period - Steve Montador is hit by Colton Parayko and loses puck.
6:07 of 2nd period - Backhand shot by Derek Boogaard.
6:07 of 2nd period - Stopped by Henrik Lundqvist with a rebound.
6:21 of 2nd period - Snap shot by Chris Higgins.
6:21 of 2nd period - Stopped by Henrik Lundqvist with a rebound.
7:08 of 2nd period - Icing by Scott Hartnell.
7:09 of 2nd period - Pierre-Marc Bouchard wins face-off versus Brad Boyes in Canadiens zone.
7:17 of 2nd period - Penalty to Matt Stajan is over, Matt Stajan is back on ice.
7:24 of 2nd period - Wrist shot by Matt Stajan.
7:24 of 2nd period - Shot Misses the Net.
7:55 of 2nd period - Snap shot by Enver Lisin.
7:55 of 2nd period - Stopped by Michal Neuvirth with a rebound.
8:27 of 2nd period - Snap shot by Nick Palmieri.
8:27 of 2nd period - Shot Misses the Net.
8:38 of 2nd period - Minor Penalty to Ryan Hollweg for Holding.
8:39 of 2nd period - Brad Boyes wins face-off versus Frans Nielsen in Canucks zone.
8:53 of 2nd period - Slapshot by Frans Nielsen.
8:53 of 2nd period - Shot Misses the Net.
8:55 of 2nd period - Slapshot by Mark Stuart.
8:55 of 2nd period - Stopped by Michal Neuvirth without a rebound.
8:56 of 2nd period - Frans Nielsen wins face-off versus Brad Boyes in Canucks zone.
9:26 of 2nd period - Off-side.
9:27 of 2nd period - Brad Boyes wins face-off versus Frans Nielsen in neutral zone.
9:30 of 2nd period - Steve Downie is hit by Mike Ribeiro.
10:08 of 2nd period - Wrist shot by Frans Nielsen.
10:08 of 2nd period - Shot Misses the Net.
10:10 of 2nd period - Slapshot by Mark Stuart.
10:10 of 2nd period - Shot Blocked by Ladislav Smid.
10:37 of 2nd period - Off-side.
10:38 of 2nd period - Penalty to Ryan Hollweg is over, Ryan Hollweg is back on ice.
10:38 of 2nd period - Mike Ribeiro wins face-off versus Dustin Boyd in neutral zone.
11:26 of 2nd period - Alex Goligoski is hit by Tomas Plekanec and loses puck.
11:39 of 2nd period - Matt Stajan is hit by Colton Parayko and loses puck.
12:04 of 2nd period - Snap shot by Chris Higgins.
12:04 of 2nd period - Shot Misses the Net.
12:06 of 2nd period - Slapshot by Steve Montador.
12:06 of 2nd period - Shot Blocked by Tomas Plekanec.
12:08 of 2nd period - Snap shot by Johan Franzen.
12:08 of 2nd period - Stopped by Henrik Lundqvist without a rebound.
12:09 of 2nd period - James Wright wins face-off versus Frans Nielsen in Canadiens zone.
12:16 of 2nd period - Snap shot by Alex Goligoski.
12:16 of 2nd period - Deflect By James Wright.
12:16 of 2nd period - Shot Blocked by Mark Stuart.
12:16 of 2nd period - Puck is out of play.
12:17 of 2nd period - Frans Nielsen wins face-off versus Mike Ribeiro in Canadiens zone.
12:44 of 2nd period - Snap shot by Scott Hartnell.
12:44 of 2nd period - Stopped by Michal Neuvirth without a rebound.
12:45 of 2nd period - James Wright wins face-off versus Pierre-Marc Bouchard in Canucks zone.
12:45 of 2nd period - James Wright is hit by Colton Parayko.
13:09 of 2nd period - Steve Montador is hit by Colton Parayko and loses puck.
13:44 of 2nd period - Slapshot by Johan Franzen.
13:44 of 2nd period - Shot Blocked by Mark Stuart.
13:46 of 2nd period - Snap shot by Steve Montador.
13:46 of 2nd period - Stopped by Henrik Lundqvist without a rebound.
13:47 of 2nd period - Frans Nielsen wins face-off versus Mike Ribeiro in Canadiens zone.
14:00 of 2nd period - Slapshot by Evgeny Dadonov.
14:00 of 2nd period - Stopped by Michal Neuvirth with a rebound.
14:18 of 2nd period - Snap shot by Viktor Stalberg.
14:18 of 2nd period - Goal by Viktor Stalberg - Canucks : 2 - Canadiens : 1.
14:19 of 2nd period - Frans Nielsen wins face-off versus Mike Ribeiro in neutral zone.
14:42 of 2nd period - Minor Penalty to Jamie McBain for Hooking.
14:43 of 2nd period - Frans Nielsen wins face-off versus Brad Boyes in Canucks zone.
14:56 of 2nd period - Snap shot by Brad Boyes.
14:56 of 2nd period - Stopped by Henrik Lundqvist without a rebound.
14:57 of 2nd period - Brad Boyes wins face-off versus Frans Nielsen in Canadiens zone.
15:06 of 2nd period - Steve Montador is hit by Scott Hartnell and loses puck.
15:23 of 2nd period - Alex Goligoski is hit by Greg Stewart and loses puck.
15:50 of 2nd period - Wrist shot by Chris Higgins.
15:50 of 2nd period - Stopped by Henrik Lundqvist without a rebound.
15:51 of 2nd period - Chris Higgins wins face-off versus Frans Nielsen in Canadiens zone.
15:58 of 2nd period - Snap shot by Chris Higgins.
15:58 of 2nd period - Stopped by Henrik Lundqvist without a rebound.
15:59 of 2nd period - Chris Higgins wins face-off versus Pierre-Marc Bouchard in Canadiens zone.
16:00 of 2nd period - Snap shot by Derek Boogaard.
16:00 of 2nd period - Deflect By Raphael Diaz.
16:00 of 2nd period - Shot Misses the Net.
16:00 of 2nd period - Puck is out of play.
16:01 of 2nd period - Pierre-Marc Bouchard wins face-off versus Chris Higgins in Canadiens zone.
16:01 of 2nd period - Pierre-Marc Bouchard is hit by Derek Boogaard.
16:35 of 2nd period - Wrist shot by Raphael Diaz.
16:35 of 2nd period - Stopped by Michal Neuvirth without a rebound.
16:36 of 2nd period - Brad Boyes wins face-off versus Frans Nielsen in Canucks zone.
16:42 of 2nd period - Penalty to Jamie McBain is over, Jamie McBain is back on ice.
16:45 of 2nd period - Backhand shot by Steve Downie.
16:45 of 2nd period - Goal by Steve Downie - Canucks : 2 - Canadiens : 2.
16:46 of 2nd period - Pierre-Marc Bouchard wins face-off versus Mike Ribeiro in neutral zone.
16:59 of 2nd period - Snap shot by Clarke MacArthur.
16:59 of 2nd period - Stopped by Henrik Lundqvist with a rebound.
17:01 of 2nd period - Slapshot by Mike Ribeiro.
17:01 of 2nd period - Goal by Mike Ribeiro - Canucks : 3 - Canadiens : 2.
17:02 of 2nd period - Pierre-Marc Bouchard wins face-off versus Mike Ribeiro in neutral zone.
17:05 of 2nd period - Clarke MacArthur is hit by Scott Hartnell and loses puck.
17:32 of 2nd period - Jamie McBain is hit by Evgeny Dadonov.
18:38 of 2nd period - Slapshot by Raphael Diaz.
18:38 of 2nd period - Stopped by Michal Neuvirth without a rebound.
18:39 of 2nd period - Mike Ribeiro wins face-off versus Steve Downie in Canucks zone.
18:46 of 2nd period - Snap shot by Mike Ribeiro.
18:46 of 2nd period - Shot Misses the Net.
18:48 of 2nd period - Slapshot by Ladislav Smid.
18:48 of 2nd period - Stopped by Henrik Lundqvist with a rebound.
18:50 of 2nd period - Slapshot by Ladislav Smid.
18:50 of 2nd period - Shot Blocked by Steve Downie.
19:20 of 2nd period - Snap shot by Dustin Boyd.
19:20 of 2nd period - Stopped by Michal Neuvirth without a rebound.
19:21 of 2nd period - Dustin Boyd wins face-off versus Nik Antropov in Canucks zone.
Goals for this period are 1 for Canucks vs 2 for Canadiens.
Shots for this period are 13 for Canucks vs 15 for Canadiens.
3rd period
0:01 of 3rd period - Mike Ribeiro wins face-off versus Pierre-Marc Bouchard in neutral zone.
0:04 of 3rd period - Slapshot by Jamie McBain.
0:04 of 3rd period - Shot Misses the Net.
0:16 of 3rd period - Snap shot by Clarke MacArthur.
0:16 of 3rd period - Shot Blocked by Pierre-Marc Bouchard.
0:40 of 3rd period - Snap shot by Nick Palmieri.
0:40 of 3rd period - Shot Misses the Net.
1:14 of 3rd period - Minor Penalty to Dustin Boyd for Hooking.
1:15 of 3rd period - Tomas Plekanec wins face-off versus Mike Ribeiro in Canadiens zone.
1:15 of 3rd period - Tomas Plekanec is hit by Clarke MacArthur.
1:21 of 3rd period - Clarke MacArthur is hit by Steve Downie and loses puck.
1:34 of 3rd period - Minor Penalty to Clarke MacArthur for Holding.
1:35 of 3rd period - Pierre-Marc Bouchard wins face-off versus Brad Boyes in Canucks zone.
1:38 of 3rd period - Snap shot by Greg Stewart.
1:38 of 3rd period - Stopped by Michal Neuvirth with a rebound.
1:40 of 3rd period - Snap shot by Mark Stuart.
1:40 of 3rd period - Stopped by Michal Neuvirth with a rebound.
3:01 of 3rd period - Slapshot by Jamie McBain.
3:01 of 3rd period - Stopped by Henrik Lundqvist with a rebound.
3:14 of 3rd period - Penalty to Dustin Boyd is over, Dustin Boyd is back on ice.
3:34 of 3rd period - Penalty to Clarke MacArthur is over, Clarke MacArthur is back on ice.
3:47 of 3rd period - Slapshot by Dustin Boyd.
3:47 of 3rd period - Shot Misses the Net.
3:58 of 3rd period - Off-side.
3:59 of 3rd period - Matt Stajan wins face-off versus Enver Lisin in neutral zone.
4:06 of 3rd period - Slapshot by Nick Palmieri.
4:06 of 3rd period - Stopped by Henrik Lundqvist without a rebound.
4:07 of 3rd period - Matt Stajan wins face-off versus Tomas Plekanec in Canadiens zone.
4:39 of 3rd period - Colton Parayko is hit by Justin Falk and loses puck.
4:42 of 3rd period - Snap shot by Dustin Boyd.
4:42 of 3rd period - Goal by Dustin Boyd - Canucks : 3 - Canadiens : 3.
4:43 of 3rd period - Mike Ribeiro wins face-off versus Pierre-Marc Bouchard in neutral zone.
4:45 of 3rd period - Minor Penalty to Jamie McBain for Interference.
4:46 of 3rd period - Frans Nielsen wins face-off versus Brad Boyes in Canucks zone.
4:54 of 3rd period - Wrist shot by Frans Nielsen.
4:54 of 3rd period - Stopped by Michal Neuvirth without a rebound.
4:55 of 3rd period - Steve Downie wins face-off versus Brad Boyes in Canucks zone.
5:08 of 3rd period - Wrist shot by Scott Hartnell.
5:08 of 3rd period - Stopped by Michal Neuvirth without a rebound.
5:09 of 3rd period - Frans Nielsen wins face-off versus Brad Boyes in Canucks zone.
5:34 of 3rd period - Steve Montador is hit by Vitaly Vishnevsky and loses puck.
6:03 of 3rd period - Wrist shot by Greg Stewart.
6:03 of 3rd period - Shot Misses the Net.
6:05 of 3rd period - Snap shot by Evgeny Dadonov.
6:05 of 3rd period - Stopped by Michal Neuvirth with a rebound.
6:07 of 3rd period - Slapshot by Raphael Diaz.
6:07 of 3rd period - Shot Misses the Net.
6:09 of 3rd period - Slapshot by Greg Stewart.
6:09 of 3rd period - Shot Blocked by Justin Falk.
6:11 of 3rd period - Slapshot by Mark Stuart.
6:11 of 3rd period - Stopped by Michal Neuvirth with a rebound.
6:13 of 3rd period - Slapshot by Pierre-Marc Bouchard.
6:13 of 3rd period - Stopped by Michal Neuvirth with a rebound.
6:21 of 3rd period - Ladislav Smid is hit by Raphael Diaz.
6:25 of 3rd period - Wrist shot by Greg Stewart.
6:25 of 3rd period - Stopped by Michal Neuvirth without a rebound.
6:26 of 3rd period - Mike Ribeiro wins face-off versus Frans Nielsen in Canucks zone.
6:45 of 3rd period - Penalty to Jamie McBain is over, Jamie McBain is back on ice.
7:02 of 3rd period - Off-side.
7:03 of 3rd period - Mike Ribeiro wins face-off versus Tomas Plekanec in neutral zone.
7:08 of 3rd period - Slapshot by Clarke MacArthur.
7:08 of 3rd period - Shot Blocked by Shaone Morrisonn.
7:26 of 3rd period - Slapshot by Chris Higgins.
7:26 of 3rd period - Stopped by Henrik Lundqvist without a rebound.
7:27 of 3rd period - Matt Stajan wins face-off versus Dustin Boyd in Canadiens zone.
7:28 of 3rd period - Snap shot by Nick Palmieri.
7:28 of 3rd period - Stopped by Henrik Lundqvist with a rebound.
7:30 of 3rd period - Slapshot by Alex Goligoski.
7:30 of 3rd period - Deflect By Raphael Diaz.
7:30 of 3rd period - Stopped by Henrik Lundqvist with a rebound.
7:32 of 3rd period - Snap shot by Matt Stajan.
7:32 of 3rd period - Deflect By Viktor Stalberg.
7:32 of 3rd period - Stopped by Henrik Lundqvist with a rebound.
7:34 of 3rd period - Wrist shot by Nick Palmieri.
7:34 of 3rd period - Stopped by Henrik Lundqvist with a rebound.
7:36 of 3rd period - Backhand shot by Alex Goligoski.
7:36 of 3rd period - Shot Misses the Net.
7:38 of 3rd period - Wrist shot by Nick Palmieri.
7:38 of 3rd period - Stopped by Henrik Lundqvist without a rebound.
7:39 of 3rd period - Mike Ribeiro wins face-off versus Pierre-Marc Bouchard in Canadiens zone.
7:40 of 3rd period - Wrist shot by Brad Boyes.
7:40 of 3rd period - Shot Misses the Net.
8:06 of 3rd period - Wrist shot by James Wright.
8:06 of 3rd period - Stopped by Henrik Lundqvist with a rebound.
8:30 of 3rd period - Slapshot by Pierre-Marc Bouchard.
8:30 of 3rd period - Goal by Pierre-Marc Bouchard - Canucks : 3 - Canadiens : 4.
8:31 of 3rd period - Frans Nielsen wins face-off versus Mike Ribeiro in neutral zone.
9:08 of 3rd period - Slapshot by Andrew Alberts.
9:08 of 3rd period - Stopped by Michal Neuvirth without a rebound.
9:09 of 3rd period - Mike Ribeiro wins face-off versus Pierre-Marc Bouchard in Canucks zone.
9:34 of 3rd period - Greg Stewart is hit by Nick Palmieri and loses puck.
9:54 of 3rd period - Icing by Shaone Morrisonn.
9:55 of 3rd period - James Wright wins face-off versus David Jones in Canadiens zone.
10:12 of 3rd period - Wrist shot by Dustin Boyd.
10:12 of 3rd period - Stopped by Michal Neuvirth with a rebound.
10:14 of 3rd period - Slapshot by Vitaly Vishnevsky.
10:14 of 3rd period - Shot Misses the Net.
10:16 of 3rd period - Slapshot by Vitaly Vishnevsky.
10:16 of 3rd period - Goal by Vitaly Vishnevsky - Canucks : 3 - Canadiens : 5.
10:17 of 3rd period - Steve Downie wins face-off versus Mike Ribeiro in neutral zone.
10:24 of 3rd period - Snap shot by Scott Hartnell.
10:24 of 3rd period - Deflect By Steve Downie.
10:24 of 3rd period - Stopped by Michal Neuvirth with a rebound.
10:26 of 3rd period - Slapshot by Raphael Diaz.
10:26 of 3rd period - Stopped by Michal Neuvirth without a rebound.
10:27 of 3rd period - Pierre-Marc Bouchard wins face-off versus Mike Ribeiro in Canucks zone.
10:34 of 3rd period - Wrist shot by Scott Hartnell.
10:34 of 3rd period - Stopped by Michal Neuvirth with a rebound.
10:43 of 3rd period - Minor Penalty to Jamie McBain for Holding.
10:44 of 3rd period - Frans Nielsen wins face-off versus Brad Boyes in Canucks zone.
10:48 of 3rd period - Wrist shot by Steve Downie.
10:48 of 3rd period - Deflect By Frans Nielsen.
10:48 of 3rd period - Shot Blocked by Alex Goligoski.
10:48 of 3rd period - Puck is out of play.
10:49 of 3rd period - Frans Nielsen wins face-off versus Brad Boyes in Canucks zone.
11:14 of 3rd period - Greg Stewart is hit by Steve Montador and loses puck.
12:43 of 3rd period - Penalty to Jamie McBain is over, Jamie McBain is back on ice.
13:07 of 3rd period - Wrist shot by Martins Karsums.
13:07 of 3rd period - Stopped by Henrik Lundqvist with a rebound.
13:17 of 3rd period - Raphael Diaz is hit by Chris Campoli and loses puck.
14:13 of 3rd period - Wrist shot by Derek Boogaard.
14:13 of 3rd period - Stopped by Henrik Lundqvist without a rebound.
14:14 of 3rd period - James Wright wins face-off versus Pierre-Marc Bouchard in Canadiens zone.
15:26 of 3rd period - Slapshot by Nick Palmieri.
15:26 of 3rd period - Shot Blocked by Andrew Alberts.
15:42 of 3rd period - Tomas Plekanec is hit by Chris Campoli and loses puck.
16:11 of 3rd period - James Wright is hit by Shaone Morrisonn and loses puck.
16:26 of 3rd period - Scott Hartnell is hit by Ladislav Smid and loses puck.
16:30 of 3rd period - Icing by Raphael Diaz.
16:31 of 3rd period - Pierre-Marc Bouchard wins face-off versus Matt Stajan in Canadiens zone.
16:54 of 3rd period - Wrist shot by Nick Palmieri.
16:54 of 3rd period - Stopped by Henrik Lundqvist with a rebound.
16:58 of 3rd period - Wrist shot by Nick Palmieri.
16:58 of 3rd period - Stopped by Henrik Lundqvist with a rebound.
17:18 of 3rd period - Steve Downie is hit by Steve Montador and loses puck.
17:53 of 3rd period - Wrist shot by Nick Palmieri.
17:53 of 3rd period - Shot Misses the Net.
18:09 of 3rd period - Slapshot by Scott Hartnell.
18:09 of 3rd period - Shot Misses the Net.
18:11 of 3rd period - Slapshot by Colton Parayko.
18:11 of 3rd period - Stopped by Michal Neuvirth without a rebound.
18:12 of 3rd period - Mike Ribeiro wins face-off versus Dustin Boyd in Canucks zone.
19:14 of 3rd period - Snap shot by Martins Karsums.
19:14 of 3rd period - Stopped by Henrik Lundqvist without a rebound.
19:15 of 3rd period - Mike Ribeiro wins face-off versus Frans Nielsen in Canadiens zone.
19:30 of 3rd period - Slapshot by Martins Karsums.
19:30 of 3rd period - Shot Misses the Net.
Goals for this period are 0 for Canucks vs 3 for Canadiens.
Shots for this period are 14 for Canucks vs 17 for Canadiens.
Back to the Top